 Dungeon Sprint DCSS version 0.29.1-12-g30fa7ad0bf (webtiles) character file.

Game seed: 13230227592027023102

6900000 Groucho the Intangible (level 27, 0/228 HPs)
             Began as a Djinni Gladiator on Dec 17, 2022.
             Was the Champion of Makhleb.
             Killed by divine providence
             ... invoked by an accursed
              (11 damage)
             ... in the Dungeon (Sprint VIII: "Arena of Blood").
             The game lasted 00:04:30 (69 turns).

Groucho the Intangible (Djinni Gladiator)             Turns: 69, Time: 00:04:31

Health: 0/228      AC:  8    Str: 13    XL:     27
Gold:   0          EV: 39    Int: 12    God:    Makhleb [******] SH:  0 Dex: 27

rFire   + + .      SeeInvis .   k - +∞ Axe of Woe
rCold   x . .      Faith    .   (shield currently unavailable)
rNeg    . . .      Spirit   .   b - +0 leather armour
rPois   ∞          Reflect  .   c - +0 helmet
rElec   .          Harm     .   (no cloak)
rCorr   .          Rampage  .   (no gloves)
Will    ++...      NoTele   +   (boots unavailable)
Stlth   ++++++++++              (no amulet)
HPRegen 0.48/turn               (no ring)
MPRegen 0.00/turn               (no ring)

@: flying
A: sickness immunity, fire resistance 2, cold vulnerability 1, float, innate
caster, HP casting, extra vitality 1
a: Renounce Religion, Minor Destruction, Lesser Servant of Makhleb, Major
Destruction, Greater Servant of Makhleb


You were in the Dungeon.
You worshipped Makhleb.
Makhleb was exalted by your worship.
You visited 1 branch

Inventory:

Hand Weapons
 k - the +∞ Axe of Woe (weapon)
   (You found it in the Dungeon)
Missiles
 d - 3 throwing nets (quivered)
 e - a javelin
Armour
 b - a +0 leather armour (worn)
 c - a +0 helmet (worn)
Scrolls
 j - a scroll of blinking
Potions
 f - a potion of curing
 h - a potion of haste
 i - a potion of berserk rage


   Skills:
 O Level 27 Fighting
 O Level 27 Short Blades
 + Level 7.7(19.3) Long Blades
 O Level 27 Axes
 O Level 27 Maces & Flails
 O Level 27 Polearms
 O Level 27 Staves
 O Level 27 Ranged Weapons
 O Level 27 Throwing
 O Level 27 Armour
 O Level 27 Dodging
 O Level 27 Stealth
 O Level 27 Unarmed Combat
 O Level 27 Spellcasting
 O Level 27 Invocations


You had 10 spell levels left.
You knew the following spells:

 Your Spells              Type           Power      Damage    Failure   Level
a - Shock                 Conj/Air       100%       1d9       0%          1
b - Poisonous Vapours     Pois/Air       100%       N/A       0%          2
c - Spider Form           Tmut/Pois      69%        N/A       0%          3
d - Anguish               Hex/Necr       34%        N/A       0%          4
e - Freezing Cloud        Conj/Ice/Air   34%        6-21      0%          5
f - Lee's Rapid Deconstr  Erth           34%        3d18*     0%          5
g - Statue Form           Tmut/Erth      46%        N/A       0%          6
h - Summon Cactus Giant   Summ           34%        N/A       0%          6
i - Death Channel         Necr           34%        N/A       0%          6
j - Discord               Hex            34%        N/A       1%          8
k - Haunt                 Necr/Summ      34%        N/A       1%          7
l - Lehudib's Crystal Sp  Conj/Erth      34%        10d9      1%          8
m - Fire Storm            Conj/Fire      34%        8d9       3%          9
Your spell library was empty.

Dungeon Overview and Level Annotations

Branches:
Dungeon (1/1)

Altars:
Makhleb


Innate Abilities, Weirdness & Mutations

You are immune to sickness and miasma.
You are immune to poison.
Your flesh is very heat resistant. (rF++)
You are vulnerable to cold. (rC-)
You float through the air rather than walking.
You learn spells naturally, not from books.
Your magical power is your life essence.
You have superior vitality. (+4 MHP)


Message History

A bag of meat comes into view. It is wielding a +9 war axe. x2
You hear a shout! x2
The eight-headed meat hydra calls on the powers of darkness!
The eight-headed meat hydra convulses!
The bag of meat convulses! x2
Your body is wracked with pain!
* * * LOW HITPOINT WARNING * * *
You slash the accursed!
You pulverise the accursed into a thin bloody mist.
You destroy the accursed!
Makhleb accepts your kill.
You feel better.
You feel extremely nervous for a moment...
Your body is wracked with pain!
* * * LOW HITPOINT WARNING * * *
The eight-headed meat hydra calls on the powers of darkness!
The eight-headed meat hydra convulses!
The bag of meat convulses! x2
The large bag of meat convulses!
Flame seeps out of the large bag of meat.
Your body is wracked with pain!
* * * LOW HITPOINT WARNING * * *
The bag of meat convulses! x3
You hear a shout!
The large bag of meat is engulfed in blazing flames.
You hear a shout! x3
You have mastered Short Blades!
You need to enable at least one skill for training.
Your base Long Blades skill gained 7 levels and is now at level 7!
You slice the accursed like a ripe choko!!!
You hew the accursed savagely.
You destroy the accursed!
Makhleb accepts your kill.
You feel better.
You feel extremely nervous for a moment...
Pain shoots through your body!!
* * * LOW HITPOINT WARNING * * *
You hear a shout! x2
The accursed is engulfed in blazing flames.
The accursed points at you and mumbles some strange words.
Something smites you!
You die...

....... .. .....
.. #.... .# ..
#... .o#
..o###... ..###.
..°O....###......
#.o.ooO.._.......
#)))).# #_§@☼_#
#)))§○#
....°§Mo....
......###......
..###... ..###. .
#...


Do# #... ..# ..... .. You could see an accursed, an eight-headed meat hydra, a
large bag of meat (inner flame), a meat berserker (berserk) and 6 bags of meat.

Vanquished Creatures
  3 royal mummies (D)
  11 vampire knights (D)
  20 ogres (D)
  3 two-headed ogres (D)
  A lich (D)
  30 orcs (D)
  4 skeletal warriors (D)
72 creatures vanquished.

Notes
Turn   | Place    | Note
-------+----------+-------------------------------------------
     0 | D        | Found the +∞ Axe of Woe
     0 | D        | Groucho the Djinni Gladiator began the quest for the Orb.
     0 | D        | Reached XP level 1. HP: 18/18 MP: 0/0
     3 | D        | Noticed a meat berserker
     3 | D        | Noticed a bag of meat
     5 | D        | Became a worshipper of Makhleb the Destroyer
     5 | D        | Noticed a bag of meat
     6 | D        | Noticed a bag of meat
     8 | D        | Killed a meat berserker
     8 | D        | Noticed a bag of meat
     8 | D        | Noticed a bag of meat
     9 | D        | Reached XP level 2. HP: 23/23 MP: 0/0
     9 | D        | Reached XP level 3. HP: 28/28 MP: 0/0
     9 | D        | Learned a level 1 spell: Shock
     9 | D        | Reached XP level 4. HP: 33/33 MP: 0/0
     9 | D        | Reached XP level 5. HP: 38/38 MP: 0/0
     9 | D        | Learned a level 2 spell: Poisonous Vapours
     9 | D        | Reached XP level 6. HP: 43/43 MP: 0/0
     9 | D        | Reached XP level 7. HP: 49/49 MP: 0/0
     9 | D        | Learned a level 3 spell: Spider Form
     9 | D        | Reached XP level 8. HP: 54/54 MP: 0/0
     9 | D        | Reached XP level 9. HP: 58/58 MP: 0/0
     9 | D        | Learned a level 4 spell: Anguish
     9 | D        | Reached XP level 10. HP: 64/64 MP: 0/0
     9 | D        | Reached XP level 11. HP: 68/68 MP: 0/0
     9 | D        | Learned a level 5 spell: Freezing Cloud
     9 | D        | Reached XP level 12. HP: 74/74 MP: 0/0
     9 | D        | Killed a bag of meat
     9 | D        | Reached * piety under Makhleb
     9 | D        | Noticed a bag of meat
    10 | D        | Reached XP level 13. HP: 78/78 MP: 0/0
    10 | D        | Learned a level 5 spell: Lee's Rapid Deconstruction
    10 | D        | Noticed a bag of meat
    10 | D        | Noticed a meat berserker
    11 | D        | Killed a bag of meat
    11 | D        | Noticed a bag of meat
    11 | D        | Noticed a bag of meat
    12 | D        | Killed a bag of meat
    12 | D        | Noticed a bag of meat
    12 | D        | Noticed a meat berserker
    13 | D        | Reached skill level 27 in Dodging
    13 | D        | Reached XP level 14. HP: 85/85 MP: 0/0
    13 | D        | Killed a bag of meat
    13 | D        | Reached ** piety under Makhleb
    13 | D        | Noticed a meat berserker
    13 | D        | Noticed a bag of meat
    14 | D        | Noticed a bag of meat
    14 | D        | Noticed a bag of meat
    15 | D        | Killed a meat berserker
    15 | D        | Noticed a bag of meat
    16 | D        | Reached XP level 15. HP: 89/89 MP: 0/0
    16 | D        | Learned a level 6 spell: Statue Form
    17 | D        | Reached skill level 27 in Axes
    17 | D        | Killed a meat berserker
    17 | D        | Reached *** piety under Makhleb
    18 | D        | Reached skill level 15 in Fighting
    18 | D        | Reached XP level 16. HP: 128/128 MP: 0/0
    19 | D        | Killed a meat berserker
    19 | D        | Reached **** piety under Makhleb
    20 | D        | Reached XP level 17. HP: 146/146 MP: 0/0
    20 | D        | Learned a level 6 spell: Summon Cactus Giant
    20 | D        | Noticed a destroyer
    21 | D        | Noticed a meat berserker
    22 | D        | Reached ***** piety under Makhleb
    26 | D        | Killed a destroyer
    26 | D        | Noticed a meat berserker
    27 | D        | Reached skill level 27 in Fighting
    27 | D        | Reached XP level 18. HP: 167/167 MP: 0/0
    27 | D        | Killed a meat berserker
    27 | D        | Noticed a meat berserker
    28 | D        | Noticed a meat berserker
    30 | D        | Noticed a meat berserker
    31 | D        | Killed a meat berserker
    31 | D        | Reached ****** piety under Makhleb
    32 | D        | Reached skill level 27 in Spellcasting
    32 | D        | Reached XP level 19. HP: 174/174 MP: 0/0
    32 | D        | Learned a level 6 spell: Death Channel
    32 | D        | Noticed a large bag of meat
    32 | D        | Noticed a destroyer
    33 | D        | Killed a meat berserker
    33 | D        | Killed a meat berserker
    33 | D        | Noticed a destroyer
    33 | D        | Noticed a meat berserker
    35 | D        | Killed a destroyer
    35 | D        | Noticed a meat berserker
    36 | D        | Reached XP level 20. HP: 181/181 MP: 0/0
    36 | D        | Killed a meat berserker
    36 | D        | Noticed a destroyer
    38 | D        | Killed a meat berserker
    38 | D        | Noticed a destroyer
    38 | D        | Noticed a large bag of meat
    39 | D        | Reached skill level 27 in Armour
    39 | D        | Reached skill level 27 in Invocations
    39 | D        | Reached XP level 21. HP: 187/187 MP: 0/0
    39 | D        | Learned a level 8 spell: Discord
    40 | D        | Noticed a meat berserker
    41 | D        | Killed a large bag of meat
    41 | D        | Killed a destroyer
    41 | D        | Killed a meat berserker
    41 | D        | Noticed a destroyer
    41 | D        | Noticed a destroyer
    41 | D        | Noticed a destroyer
    42 | D        | Reached XP level 22. HP: 173/194 MP: 0/0
    42 | D        | Noticed a destroyer
    42 | D        | Noticed a destroyer
    42 | D        | Noticed a meat berserker
    43 | D        | Killed a destroyer
    44 | D        | Killed a destroyer
    45 | D        | Reached skill level 27 in Unarmed Combat
    46 | D        | Reached skill level 27 in Ranged Weapons
    46 | D        | Killed a destroyer
    46 | D        | Killed a meat berserker
    46 | D        | Noticed a meat berserker
    47 | D        | Reached skill level 15 in Stealth
    47 | D        | Reached XP level 23. HP: 198/201 MP: 0/0
    47 | D        | Learned a level 7 spell: Haunt
    47 | D        | Killed a destroyer
    47 | D        | Killed a destroyer
    48 | D        | Killed a destroyer
    48 | D        | Killed a large bag of meat
    48 | D        | Noticed a large bag of meat
    48 | D        | Noticed a destroyer
    49 | D        | Reached XP level 24. HP: 189/208 MP: 0/0
    50 | D        | Reached skill level 27 in Stealth
    50 | D        | Killed a destroyer
    51 | D        | Reached skill level 27 in Throwing
    51 | D        | Reached skill level 15 in Maces & Flails
    53 | D        | Reached XP level 25. HP: 179/214 MP: 0/0
    53 | D        | Learned a level 8 spell: Lehudib's Crystal Spear
    54 | D        | Noticed a tyrant
    54 | D        | Noticed an accursed
    55 | D        | Noticed an accursed
    57 | D        | Killed a large bag of meat
    57 | D        | Noticed an accursed
    58 | D        | Reached skill level 27 in Maces & Flails
    58 | D        | Killed a destroyer
    59 | D        | Reached XP level 26. HP: 216/221 MP: 0/0
    60 | D        | Noticed an accursed
    61 | D        | Killed a tyrant
    61 | D        | Noticed a tyrant
    62 | D        | Reached skill level 27 in Polearms
    66 | D        | Reached skill level 27 in Staves
    66 | D        | Reached XP level 27. HP: 206/228 MP: 0/0
    66 | D        | Learned a level 9 spell: Fire Storm
    66 | D        | Killed an accursed
    67 | D        | Noticed a large bag of meat
    68 | D        | Killed an accursed
    69 | D        | Reached skill level 27 in Short Blades
    69 | D        | Killed an accursed
    69 | D        | HP: 11/228 [something (31)]
    69 | D        | Killed from afar by an accursed

Illustrated notes

Levels and vault maps discovered:
D:        meatsprint

Skill      XL: |  1  2  3  4  5  6  7  8  9 10 11 12 13 14 15 16 17 18 19 20 21 22 23 24 25 26 27 |
---------------+----------------------------------------------------------------------------------+-----
Axes           | 17 19 21 26 27 | 27.0
Dodging        | 22 24 27 | 27.0
Fighting       | 15 21 27 | 27.0
Spellcasting   | 12 16 22 27 | 27.0
Armour         | 9 21 27 | 27.0
Invocations    | 9 21 27 | 27.0
Ranged Weapons | 7 19 27 | 27.0
Unarmed Combat | 8 22 27 | 27.0
Throwing       | 14 24 27 | 27.0
Stealth        | 15 25 27 | 27.0
Maces & Flails | 22 27 | 27.0
Polearms       | 23 27 | 27.0
Staves         | 27 | 27.0
Short Blades   | 6 27 | 27.0
Long Blades    | 7 |  7.7

Action                   |  1- 3 |  4- 6 |  7- 9 | 10-12 | 13-15 | 16-18 | 19-21 | 22-24 | 25-27 || total
-------------------------+-------+-------+-------+-------+-------+-------+-------+-------+-------++-------
Melee: Executioner's axe |     1 |       |       |     1 |     6 |     7 |     8 |    10 |    13 ||    46
  Use: Potion            |       |       |       |       |       |       |       |       |     1 ||     1
Dodge: Dodged            |       |       |       |       |       |       |     1 |       |       ||     1
